 Dungeon Crawl Stone Soup version 0.23.0 (webtiles) character file.

Game seed: 15175451390592093317

1028 Revguard the Chopper (level 8, -2/49 HPs)
             Began as a Gargoyle Monk on Feb 18, 2019.
             Was a Believer of Qazlal.
             Slain by a killer bee (3 damage)
             ... on level 4 of the Dungeon.
             The game lasted 00:12:33 (2308 turns).

Revguard the Chopper (Gargoyle Monk)                Turns: 2308, Time: 00:12:33

Health: -2/49      AC: 17    Str: 16    XL:     8   Next: 23%
Magic:  1/8        EV: 11    Int: 12    God:    Qazlal [**....]
Gold:   227        SH:  3    Dex: 12    Spells: 7/7 levels left

rFire    . . .     SeeInvis .   a - +0 hand axe
rCold    . . .     Gourm    .   (no shield)
rNeg     + . .     Faith    .   r - +0 scale mail
rPois    ∞         Spirit   .   e - +0 helmet
rElec    +         Reflect  .   g - +0 cloak
rCorr    .         Harm     .   i - +0 pair of gloves
MR       .....                  (no boots)
Stlth    +.........             (no amulet)
HPRegen  0.16/turn              (no ring)
MPRegen  0.11/turn              (no ring)

@: very slightly contaminated
A: low mp 2, negative energy resistance 1, shaggy fur 1, electricity resistance,
unbreathing, petrification resistance, rot immunity, AC +5
a: Upheaval, Renounce Religion


You were on level 4 of the Dungeon.
You worshipped Qazlal.
Qazlal was pleased with you.
You were very hungry.

You visited 1 branch of the dungeon, and saw 4 of its levels.

You collected 227 gold pieces.

Inventory:

Hand Weapons
 a - a +0 hand axe (weapon)
Armour
 e - a +0 helmet (worn)
 g - a +0 cloak (worn)
 i - a +0 pair of gloves (worn)
 r - a +0 scale mail (worn)
Potions
 b - a potion of resistance
 k - a potion of magic
Comestibles
 c - 4 rations


   Skills:
 + Level 5.0 Fighting
 + Level 6.2 Axes
 + Level 3.5 Armour
 + Level 3.7 Dodging
 - Level 2.1 Stealth
 * Level 3.6 Invocations


You had 7 spell levels left.
You didn't know any spells.
Your spell library was empty.

Dungeon Overview and Level Annotations

Branches:
Dungeon (4/15)
 Temple: D:4-7

Altars:
Elyvilon
Qazlal
Xom
Zin
The Shining One


Innate Abilities, Weirdness & Mutations

You are resistant to torment.
Your stone body is resilient. (AC +5)
You are immune to poison.
You resist negative energy. (rN+)
You are resistant to electric shocks. (rElec)
You can survive without breathing.
You are immune to petrification.
You are immune to rotting.
Your magical capacity is very low. (-20% MP)
You are covered in fur. (AC +1)


Message History

* * * LOW HITPOINT WARNING * * *
The killer bee stings you but does no damage.
You block the killer bee's attack.
The killer bee stings you but does no damage.
The killer bee closely misses you.
The killer bee stings you but does no damage.
The killer bee stings you.
* * * LOW HITPOINT WARNING * * *
The killer bee barely misses you.
The killer bee stings you but does no damage. x2
You block the killer bee's attack. The killer bee barely misses you.
The killer bee stings you but does no damage.
The killer bee closely misses you.
There is a stone staircase leading up here.
The killer bee closely misses you. The adder bites you but does no damage.
The killer bee stings you but does no damage.
The killer bee stings you.
* * * LOW HITPOINT WARNING * * *
The adder bites you but does no damage. The killer bee stings you.
You die...

#...## ##..###
.....###............
.........#.O #.....
.........#.# #.....
.%......<#.# #....
!.....)..#§# #....
..†....#.#.# #...#
.......#.#y# #.O.#
.......#...###oS@####
.......#..###..#yy..#
#.#####.........h##.#
#................# ..
.#...............#
... ........%......#
.. .......#######.# .
....... #.# .......
#.#


You could see an ogre, 2 killer bees, an adder, an orc and a jackal.

Vanquished Creatures
  A hippogriff (D:4)
  Sigmund (D:3)
  A sky beast (D:4)
  A phantom (D:4)
  An ogre (D:4)
  A scorpion (D:4)
  2 killer bees (D:4)
  A hound (D:2)
  3 orc wizards (D:4)
  2 orc priests
  A worker ant (D:4)
  3 adders
  An adder skeleton (D:4)
  A worm (D:3)
  2 dart slugs
  2 leopard geckos
  8 orcs
  A ball python (D:2)
  5 bats
  6 giant cockroaches
  9 goblins
  9 hobgoblins
  9 jackals
  2 quokkas
  7 frilled lizards
  7 kobolds
  15 rats
102 creatures vanquished.

Vanquished Creatures (others)
  An adder (D:4)
1 creature vanquished.

Grand Total: 103 creatures vanquished

Notes
Turn   | Place    | Note
-------+----------+-------------------------------------------
     0 | D:1      | Revguard the Gargoyle Monk began the quest for the Orb.
     0 | D:1      | Reached XP level 1. HP: 14/14 MP: 1/1
   102 | D:1      | Reached XP level 2. HP: 13/19 MP: 2/2
   319 | D:1      | Reached skill level 3 in Axes
   356 | D:1      | Reached skill level 1 in Armour
   370 | D:1      | Reached XP level 3. HP: 18/23 MP: 3/3
   499 | D:1      | Found a shimmering altar of Xom.
  1053 | D:2      | Found a stormy altar of Qazlal.
  1062 | D:2      | Became a worshipper of Qazlal Stormbringer
  1062 | D:2      | Reached * piety under Qazlal
  1062 | D:2      | Reached ** piety under Qazlal
  1100 | D:2      | Reached XP level 4. HP: 22/29 MP: 4/4
  1125 | D:2      | Found a glowing golden altar of the Shining One.
  1126 | D:2      | Found a glowing silver altar of Zin.
  1128 | D:2      | Found a white marble altar of Elyvilon.
  1604 | D:3      | Noticed Sigmund
  1619 | D:3      | Killed Sigmund
  1619 | D:3      | Reached skill level 4 in Axes
  1619 | D:3      | Reached skill level 1 in Invocations
  1619 | D:3      | Reached XP level 5. HP: 33/33 MP: 4/6
  1619 | D:3      | Reached XP level 6. HP: 38/38 MP: 4/7
  1872 | D:3      | Gained mutation: Your magical capacity is low. (-10% MP)
                  | [potion of mutation]
  1872 | D:3      | Gained mutation: Your magical capacity is very low. (-20%
                  | MP) [potion of mutation]
  1872 | D:3      | Gained mutation: You are covered in fur. (AC +1) [potion of
                  | mutation]
  2136 | D:4      | Reached skill level 5 in Axes
  2138 | D:4      | Noticed a phantom
  2148 | D:4      | Reached XP level 7. HP: 28/43 MP: 6/6
  2174 | D:4      | Reached *** piety under Qazlal
  2174 | D:4      | Noticed a hippogriff
  2224 | D:4      | Killed a hippogriff
  2225 | D:4      | Reached skill level 6 in Axes
  2225 | D:4      | Reached XP level 8. HP: 26/48 MP: 0/8
  2253 | D:4      | Reached skill level 5 in Fighting
  2294 | D:4      | HP: 2/49 [killer bee (6)]
  2302 | D:4      | HP: 2/49 [killer bee (1)]
  2308 | D:4      | HP: 1/49 [killer bee (1)]
  2308 | D:4      | Slain by a killer bee

Skill      XL: |  1  2  3  4  5  6  7  8 |
---------------+-------------------------+-----
Axes           | 3 4 5 6 |  6.2
Armour         | 1 2 3 |  3.5
Fighting       | 4 5 |  5.0
Dodging        | 3 |  3.7
Invocations    | 1 2 3 |  3.6
Stealth        | |  2.1

Action                   |  1- 3 |  4- 6 |  7- 9 || total
-------------------------+-------+-------+-------++-------
Melee: Hand axe          |   130 |   130 |   109 ||   369
Invok: Upheaval          |       |       |     4 ||     4
  Use: Potion            |       |     5 |     4 ||     9
       Scroll            |       |     7 |     3 ||    10
 Stab: Sleeping          |     6 |       |       ||     6
       Invisible         |       |       |     2 ||     2
  Eat: Chunk             |       |     4 |       ||     4
Armor: Robe              |    17 |       |       ||    17
       Leather armour    |    23 |    63 |       ||    86
       Scale mail        |       |     5 |   120 ||   125
Dodge: Dodged            |    74 |   111 |    94 ||   279
Block: Other             |     2 |    15 |    22 ||    39
